 Dungeon Crawl Stone Soup version 0.19.5 (webtiles) character file.

8746 Inarius the Blocker (level 11, -4/85 HPs)
             Began as a Minotaur Fighter on May 2, 2017.
             Was a High Priest of Makhleb.
             Slain by an orc warrior
             ... wielding a +0 battleaxe
              (7 damage)
             ... in a bailey.
             The game lasted 00:38:00 (8617 turns).

Inarius the Blocker (Minotaur Fighter)              Turns: 8617, Time: 00:38:01

Health: -4/85      AC: 18    Str: 28    XL:     11   Next: 14%
Magic:  22/22      EV: 10    Int:  6    God:    Makhleb [*****.]
Gold:   234        SH: 13    Dex: 17    Spells: 1 memorised, 9 levels left

rFire  . . .     SeeInvis .     h - +3 short sword (elec)
rCold  . . .     Gourm    .     D - +3 chain mail of Recklessness {Str+3 Dex+6}
rNeg   . . .     Faith    .     c - +0 shield
rPois  .         Spirit   .     (helmet unavailable)
rElec  .         Reflect  .     E - +0 cloak
rCorr  +         Harm     .     (no gloves)
MR     .....                    (no boots)
Stlth  ..........               (no amulet)
                                o - ring of magical power
                                q - ring of resist corrosion

@: mighty
A: retaliatory headbutt, claws 1, horns 3, icy blue scales 1, frail 1, shaggy
fur 1, weak 1, wild magic 1, evolution 1
a: Minor Destruction, Lesser Servant of Makhleb, Major Destruction, Greater
Servant of Makhleb, Renounce Religion


You were in a bailey.
You worshipped Makhleb.
Makhleb was extremely pleased with you.
You were not hungry.

You visited 1 branch of the dungeon, and saw 10 of its levels.
You also visited: Ossuary and Bailey.

You collected 757 gold pieces.
You spent 523 gold pieces at shops.

Inventory:

Hand Weapons
 h - a +3 short sword of electrocution (weapon)
 I - a +1 whip of flaming
Armour
 c - a +0 shield (worn)
 D - the +3 chain mail of Recklessness (worn) {Str+3 Dex+6}
   (You found it on level 5 of the Dungeon)

   It affects your strength (+3).
   It affects your dexterity (+6).
 E - a +0 cloak (worn)
Jewellery
 o - a ring of magical power (right claw)
 q - a ring of resist corrosion (left claw)
Wands
 b - a wand of confusion (46/48)
 g - a wand of random effects (26/48)
 j - a wand of polymorph (7/24)
 w - a wand of random effects (18/48)
 z - a wand of lightning (8/15)
 A - a wand of acid (5/15)
 H - a wand of lightning (9/15)
 O - a wand of lightning (8/15)
 R - a wand of iceblast (4/15)
Scrolls
 e - 4 scrolls of fog
 i - 5 scrolls of teleportation
 r - a scroll of fear
 s - 2 scrolls of magic mapping
 t - 3 scrolls of remove curse
 y - 5 scrolls of noise
 C - a scroll of enchant armour
 S - 2 scrolls of identify
Potions
 d - a potion of might
 k - 2 potions of magic {unknown}
 l - 2 potions of brilliance {unknown}
 m - 3 potions of lignification
 p - 2 potions of agility
 u - a potion of curing
 v - 2 potions of haste {unknown}
 x - a potion of ambrosia {unknown}
 G - a potion of flight
 J - a potion of heal wounds {unknown}
 K - 2 potions of cure mutation {unknown}
 L - 2 potions of invisibility {unknown}
 Q - a potion of cancellation {unknown}
Books
 F - a book of Debilitation

   Spells                             Type                      Level
   a - Corona                         Hexes                        1
   b - Slow                           Hexes                        2
   c - Gell's Gravitas                Hexes/Translocation          3
   d - Inner Flame                    Hexes/Fire                   3
   e - Cause Fear                     Hexes                        4
   f - Leda's Liquefaction            Hexes/Earth                  4
 N - a book of Air

   Spells                             Type                      Level
   a - Shock                          Conjuration/Air              1
   b - Swiftness                      Charms/Air                   2
   c - Repel Missiles                 Charms/Air                   2
   d - Static Discharge               Conjuration/Air              3
   e - Lightning Bolt                 Conjuration/Air              5
Comestibles
 a - 12 fruits
 f - 7 bread rations
 B - 7 meat rations
 M - 2 chunks of flesh
 P - a beef jerky


   Skills:
 + Level 8.7 Fighting
 + Level 9.8(10.4) Short Blades
   Level 6.2(9.3) Long Blades
 + Level 0.2 Throwing
 + Level 9.6 Armour
 + Level 3.6 Dodging
 + Level 10.2 Shields
 + Level 0.2 Spellcasting
 + Level 0.2 Hexes
 + Level 4.4 Invocations


You had 9 spell levels left.
You knew the following spells:

 Your Spells              Type           Power        Failure   Level  Hunger
a - Corona                Hex            #......      100%        1    ##.....


Dungeon Overview and Level Annotations

Branches:
Dungeon (10/15)            Temple (0/1) D:6            Lair (0/6) D:8
    Orc (0/2) D:10

Altars:
Ashenzari
Hepliaklqana
Makhleb
Okawaru
Sif Muna
Trog
Uskayaw
The Shining One

Shops:
D:4 (   D:5 (   D:7 (   D:9 %   D:10 *


Innate Abilities, Weirdness & Mutations

You reflexively headbutt those who attack you in melee.
You have a pair of large horns on your head.
You have sharp fingernails.
You are partially covered in icy blue scales. (AC +2)
You are frail. (-10% HP)
You are covered in fur. (AC +1)
You are weak. (Str -2)
Your spells are a little harder to cast, but a little more powerful.
You evolve.


Message History

Your headbutt misses the orc warlord.
The orc warlord is moderately wounded.
The hobgoblin closely misses you. You block the orc warlord's attack.
The orc warlord blocks your attack.
The orc warlord is moderately wounded.
The orc warrior hits you with a battleaxe!
* * * LOW HITPOINT WARNING * * *
The orc warlord blocks your attack.
The orc warlord is moderately wounded.
You block the hobgoblin's attack.
You barely miss the orc warlord.
The orc warlord is moderately wounded.
The orc warlord hits you but does no damage.
You block the orc warrior's attack.
You feel better. You block the hobgoblin's attack. The orc warrior misses you.
You furiously retaliate!
You headbutt the orc warrior!
The orc warlord hits you with a long sword!!
* * * LOW HITPOINT WARNING * * *
The orc warrior hits you with a battleaxe!
You die...

#...))).....#######
##....)....##.....##
#......)..#.......#
##.......##.......##.
#.....)))........g'.
##.....##)........##
#######..)).⌠gg...#
##.)oog....#
#...@o....#
##.))....## #...)...#
##.....## ♣##'''##♣
♣♣.......♣
♣........♣♣
♣....∩....♣♣
♣♣..........♣


You could see an orc warlord, 2 orc warriors, a hobgoblin and 3 goblins.

Vanquished Creatures
  Pikel (D:9)
  A wolf spider zombie (D:10)
  A troll (D:8)
  A polar bear (shapeshifter) (D:9)
  A two-headed ogre (D:10)
  A hippogriff (D:7)
  12 yaks
  4 basilisks (D:8)
  Edmund (D:4)
  2 porcupines (D:8)
  4 sky beasts
  A water moccasin (D:8)
  9 orc warriors
  2 ice beasts
  A slave (D:9)
  An eye of draining (D:10)
  2 centaurs
  3 crocodiles (D:8)
  A wyvern zombie (D:10)
  3 bullfrogs
  A wyvern skeleton (D:8)
  2 scorpions
  A water moccasin skeleton (D:10)
  5 killer bees (D:9)
  4 wights (D:6)
  6 crimson imps
  8 hounds
  7 orc wizards
  2 bullfrog skeletons
  2 orc priests
  2 centaur skeletons
  A gnoll shaman (D:4)
  3 jellies
  Jessica (D:3)
  6 worker ants
  A hound zombie (D:5)
  3 mummies
  A worker ant zombie (D:9)
  22 gnolls
  A howler monkey skeleton (D:4)
  6 adders
  6 river rats (D:8)
  A shadow imp (D:5)
  2 oozes
  A dart slug (D:3)
  2 worms
  4 leopard geckos
  35 orcs
  2 ball pythons
  4 bats
  10 giant cockroaches
  2 gnoll zombies (Ossuary)
  26 goblins
  19 hobgoblins
  9 jackals
  3 quokkas
  5 frilled lizards
  4 goblin zombies (Ossuary)
  7 hobgoblin zombies
  11 kobolds
  5 orc zombies
  7 rats
302 creatures vanquished.

Vanquished Creatures (others)
  A slave (D:9)
  2 orcs (D:9)
  A plant (D:8)
4 creatures vanquished.

Grand Total: 306 creatures vanquished

Notes
Turn   | Place    | Note
-------+----------+-------------------------------------------
     0 | D:1      | Inarius the Minotaur Fighter began the quest for the Orb.
     0 | D:1      | Reached XP level 1. HP: 19/19 MP: 0/0
   300 | D:1      | Reached XP level 2. HP: 24/27 MP: 1/1
   399 | D:1      | Reached skill level 4 in Shields
   622 | D:2      | Reached XP level 3. HP: 26/33 MP: 2/2
   857 | D:2      | Reached XP level 4. HP: 21/40 MP: 3/3
  1212 | D:2      | Found a faded altar of an unknown god.
  1304 | D:2      | Found a burning altar of Makhleb.
  1793 | D:2      | Became a worshipper of Makhleb the Destroyer
  1884 | D:3      | Found a shattered altar of Ashenzari.
  1909 | D:3      | Reached XP level 5. HP: 44/46 MP: 4/4
  1918 | D:3      | Noticed Jessica
  1923 | D:3      | Killed Jessica
  2080 | D:3      | Reached * piety under Makhleb
  2280 | D:4      | Found Eblylok's Weapon Emporium.
  2337 | D:4      | Found a hide-covered altar of Uskayaw.
  2339 | D:4      | Found a bloodstained altar of Trog.
  2341 | D:4      | Found a deep blue altar of Sif Muna.
  2369 | D:4      | Reached skill level 5 in Shields
  2394 | D:4      | Reached skill level 5 in Long Blades
  2397 | D:4      | Reached XP level 6. HP: 42/53 MP: 5/5
  2479 | D:4      | Noticed Edmund
  2495 | D:4      | Killed Edmund
  2495 | D:4      | Reached skill level 5 in Armour
  2562 | D:4      | Found a sand-covered staircase.
  2567 | Ossuary  | Entered an ossuary
  2829 | Ossuary  | Reached ** piety under Makhleb
  3046 | D:4      | Bought a +2 short sword of electrocution for 253 gold pieces
  3256 | D:4      | Reached skill level 5 in Fighting
  3256 | D:4      | Reached XP level 7. HP: 61/61 MP: 6/6
  3600 | D:5      | Entered Level 5 of the Dungeon
  3633 | D:5      | Reached skill level 1 in Short Blades
  3695 | D:5      | Reached skill level 6 in Shields
  3711 | D:5      | Got a spiked chain mail
  3722 | D:5      | Identified the +3 chain mail of Recklessness {Str+3 Dex+6} (You found it on level 5 of the Dungeon)
  3735 | D:5      | Found Ruhanub's Antique Weapon Shop.
  3987 | D:5      | Gained mutation: Your spells are a little harder to cast, but a little more powerful. [mutagenic meat]
  3988 | D:5      | Gained mutation: You have sharp toenails. [mutagenic meat]
  3989 | D:5      | Gained mutation: You are partially covered in iridescent scales. (AC +2) [mutagenic meat]
  3990 | D:5      | Lost mutation: You are partially covered in iridescent scales. (AC +2) [mutagenic meat]
  3998 | D:5      | Reached XP level 8. HP: 37/68 MP: 7/7
  4172 | D:5      | Gained mutation: You have sharp fingernails. [mutagenic meat]
  4173 | D:5      | Gained mutation: You have a pair of large horns on your head. [mutagenic meat]
  4174 | D:5      | Gained mutation: You are covered in fur. (AC +1) [mutagenic meat]
  4175 | D:5      | Gained mutation: You are partially covered in icy blue scales. (AC +2) [mutagenic meat]
  4176 | D:5      | Gained mutation: You are weak. (Str -2) [mutagenic meat]
  4392 | D:5      | Bought a glowing morningstar for 270 gold pieces
  4678 | D:6      | Reached skill level 5 in Short Blades
  4703 | D:6      | Found a staircase to the Ecumenical Temple.
  4707 | D:6      | Reached skill level 7 in Shields
  4886 | D:6      | Reached *** piety under Makhleb
  5033 | D:6      | Reached skill level 1 in Dodging
  5248 | D:7      | Found a hazy altar of Hepliaklqana.
  5320 | D:7      | Found Emopn's Weapon Boutique.
  5417 | D:7      | Reached XP level 9. HP: 70/75 MP: 8/8
  5699 | D:8      | Found a staircase to the Lair.
  5705 | D:8      | Reached skill level 1 in Invocations
  5708 | D:8      | Reached skill level 8 in Shields
  5942 | D:8      | Reached skill level 9 in Shields
  5943 | D:8      | Reached **** piety under Makhleb
  5961 | D:8      | Reached XP level 10. HP: 35/86 MP: 10/10
  6133 | D:8      | Found an iron altar of Okawaru.
  6215 | D:8      | Learned a level 1 spell: Corona
  6342 | D:8      | You fall through a shaft!
  7015 | D:9      | Noticed Pikel
  7028 | D:9      | Killed Pikel
  7332 | D:9      | Gained mutation: You evolve. [mutagenic meat]
  7333 | D:9      | Lost mutation: You have sharp toenails. [mutagenic meat]
  7335 | D:9      | Gained mutation: You are frail. (-10% HP) [mutagenic meat]
  7539 | D:9      | Found Risy's Food Emporium.
  7782 | D:9      | Found a glowing golden altar of the Shining One.
  8224 | D:10     | Entered Level 10 of the Dungeon
  8240 | D:10     | Reached skill level 10 in Shields
  8275 | D:10     | Found a flagged portal.
  8320 | D:10     | Reached XP level 11. HP: 54/85 MP: 10/13
  8365 | D:10     | Found Urofu's General Store.
  8390 | Bailey   | Entered a bailey
  8476 | Bailey   | Reached ***** piety under Makhleb
  8548 | Bailey   | Noticed an orc warlord
  8617 | Bailey   | HP: 3/85 [orc warlord/long sword (19)]
  8617 | Bailey   | Slain by an orc warrior

Skill      XL: |  1  2  3  4  5  6  7  8  9 10 |
---------------+-------------------------------+-----
Shields        | 4 5 6 7 9 10 | 10.2
Fighting       | 4 5 7 8 |  8.7
Armour         | 4 5 6 7 8 9 |  9.6
Long Blades    | 3 4 5 6 |  6.2
Short Blades   | 4 6 8 9 |  9.8
Dodging        | 1 2 3 |  3.6
Invocations    | 2 4 |  4.4
Throwing       | |  0.2
Spellcasting   | |  0.2
Hexes          | |  0.2

Action                   |  1- 3 |  4- 6 |  7- 9 | 10-12 || total
-------------------------+-------+-------+-------+-------++-------
Melee: Long sword        |    58 |   202 |    60 |       ||   320
       Headbutt          |    10 |    45 |    71 |    61 ||   187
       Short sword       |       |     5 |   222 |   279 ||   506
       Kick              |       |       |    83 |    28 ||   111
Throw: Tomahawk          |       |       |       |     6 ||     6
Invok: Minor Destruction |       |       |     3 |    21 ||    24
       Major Destruction |       |       |       |     7 ||     7
  Use: Scroll            |       |     4 |    10 |     5 ||    19
       Potion            |       |     1 |     2 |     3 ||     6
  Eat: Chunk             |       |     6 |     9 |    11 ||    26
       Meat ration       |       |     1 |     1 |       ||     2
       Fruit             |       |       |     1 |       ||     1
       Beef jerky        |       |       |       |     1 ||     1
Armor: Scale mail        |    13 |       |       |       ||    13
       Chain mail        |    17 |   101 |   113 |    84 ||   315
Dodge: Dodged            |    25 |    37 |    47 |    44 ||   153
Block: Shield            |    31 |   112 |   118 |   115 ||   376
       Rpst.: Long sword |     8 |     8 |     2 |       ||    18
